 Dungeon Crawl Stone Soup version 0.21.1-1-g345015f (webtiles) character file.

21 tidbits the Charmwright (level 2, -2/26 HPs)
             Began as a Gnoll Skald on June 20, 2018.
             Killed from afar by an orc wizard (10 damage)
             ... with a puff of flame
             ... on level 3 of the Dungeon.
             The game lasted 00:01:36 (203 turns).

tidbits the Charmwright (Gnoll Skald)                Turns: 203, Time: 00:01:37

Health: -2/26      AC:  3    Str: 13    XL:     2   Next: 87%
Magic:  3/7        EV: 14    Int: 15    God:
Gold:   41         SH:  0    Dex: 14    Spells: 9/10 levels left

rFire    . . .     SeeInvis .   a - +0 hand axe
rCold    . . .     Gourm    .   (no shield)
rNeg     . . .     Faith    .   b - +0 leather armour
rPois    .         Spirit   .   (no helmet)
rElec    .         Reflect  .   (no cloak)
rCorr    .         Harm     .   (no gloves)
MR       .....                  (no boots)
Stlth    +.........             (no amulet)
HPRegen  0.08/turn              (no ring)
MPRegen  0.10/turn              (no ring)

@: confused, infused
A: distributed training, fangs 1, strong nose
a: no special abilities


You were on level 3 of the Dungeon.
You were not hungry.

You visited 1 branch of the dungeon, and saw 3 of its levels.

You collected 41 gold pieces.

Inventory:

Hand Weapons
 a - a +0 hand axe (weapon)
 h - a +0 hunting sling
Missiles
 i - 29 stones (quivered)
Armour
 b - a +0 leather armour (worn)
Scrolls
 e - 3 scrolls of identify {unknown}
 f - a scroll of immolation {unknown}
Books
 c - a book of Battle

   Spells                             Type                      Level
   a - Infusion                       Charms                       1
   b - Shroud of Golubria             Charms/Translocation         2
   c - Song of Slaying                Charms                       2
   d - Spectral Weapon                Hexes/Charms                 3
   e - Regeneration                   Charms/Necromancy            3
Comestibles
 d - a ration


   Skills:
 + Level 4.5 Fighting
 + Level 0.5 Short Blades
 + Level 0.5 Long Blades
 + Level 4.5 Axes
 + Level 0.5 Maces & Flails
 + Level 0.5 Polearms
 + Level 0.5 Staves
 + Level 0.5 Slings
 + Level 0.5 Bows
 + Level 0.5 Crossbows
 + Level 0.5 Throwing
 + Level 2.5 Armour
 + Level 4.5 Dodging
 + Level 0.5 Stealth
 + Level 0.5 Shields
 + Level 0.5 Unarmed Combat
 + Level 4.9 Spellcasting
 + Level 0.3 Conjurations
 + Level 0.3 Hexes
 + Level 5.3 Charms
 + Level 0.3 Summonings
 + Level 0.3 Necromancy
 + Level 0.3 Translocations
 + Level 0.3 Transmutations
 + Level 0.3 Fire Magic
 + Level 0.3 Ice Magic
 + Level 0.3 Air Magic
 + Level 0.3 Earth Magic
 + Level 0.3 Poison Magic
 + Level 0.6 Invocations
 + Level 0.5 Evocations


You had 9 spell levels left.
You knew the following spells:

 Your Spells              Type           Power        Failure   Level  Hunger
i - Infusion              Chrm           ###.         2%          1    None


Dungeon Overview and Level Annotations

Branches:
Dungeon (3/15)

Altars:
Makhleb


Innate Abilities, Weirdness & Mutations

Your experience applies equally to all skills.
You have very sharp teeth.
Your uncanny sense of smell can sniff out nearby items.


Message History

The ooze is severely wounded.
The ooze hits you.
You hit the ooze. You bite the ooze, but do no damage.
The ooze is almost dead.
The ooze barely misses you.
You hit the ooze but do no damage. Your bite misses the ooze.
The ooze is almost dead.
The ooze closely misses you.
You hit the ooze.
You kill the ooze!
As you open the door, it creaks loudly!
There is an open door here.
HP restored.
An adder comes into view.
Casting: Infusion
Confirm with . or Enter, or press ? or * to list all spells.
You begin infusing your attacks with magical energy.
The adder hisses angrily.
You closely miss the adder. The adder bites you. The adder misses you.
You hit the adder! You bite the adder, but do no damage.
The adder is almost dead.
The adder bites you.
You closely miss the adder.
The adder is almost dead.
The adder misses you. x2
Your leather armour prevents you from hitting the adder.
The adder is almost dead.
The adder barely misses you.
You hit the adder.
You kill the adder!
Found a stone staircase leading down.
Your magical infusion is running out.
You open the door.
There is an open door here.
You are no longer magically infusing your attacks.
Found 19 sling bullets.
Found 14 gold pieces and a scroll labeled MOUTEMU JAUDO.
You see here 14 gold pieces.
You now have 41 gold pieces (gained 14).
You see here a scroll labeled MOUTEMU JAUDO.
e - 3 scrolls labeled MOUTEMU JAUDO (gained 1)
Found a dagger.
An orc wizard comes into view. It is wielding a dagger.
The orc wizard shouts!
You hear a shout!
Found a pair of gloves.
An orc comes into view. It is wielding a club.
Casting: Infusion
Confirm with . or Enter, or press ? or * to list all spells.
You begin infusing your attacks with magical energy.
You barely miss the orc wizard.
The orc wizard gestures at you while chanting.
You are confused.
It was a potion of curing.
You feel better. The orc wizard barely misses you.
Unknown command.
You hit the orc wizard.
The orc wizard is moderately wounded.
The orc wizard hits you with a dagger.
You hit the orc wizard.
The orc wizard is heavily wounded.
The orc throws a silver tomahawk.
The silver tomahawk hits you. The orc wizard closely misses you.
You hit the orc wizard.
You bite the orc wizard, but do no damage.
The orc wizard is severely wounded.
The orc throws a silver tomahawk.
The silver tomahawk closely misses you. The orc wizard hits you with a dagger.
You barely miss the orc wizard.
The orc wizard is severely wounded.
The orc throws a silver tomahawk.
The silver tomahawk closely misses you. The orc wizard hits you with a dagger.
The orc throws a silver tomahawk.
The silver tomahawk closely misses you.
You barely miss the orc wizard.
The orc wizard is severely wounded.
The orc wizard barely misses you.
The orc throws a silver tomahawk.
The silver tomahawk barely misses you. The orc wizard casts a spell at you.
The puff of flame misses you.
You barely miss the orc wizard.
The orc wizard is severely wounded.
The orc wizard casts a spell.
The orc wizard flickers and vanishes!
Unknown command.
You hit the orc!
The orc is almost dead.
You closely miss something. The orc completely misses you.
You hear some strange, mumbled words.
You are confused.
You hear some strange, mumbled words.
A puff of flame appears from out of thin air!
The puff of flame hits you!
* * * LOW HITPOINT WARNING * * *
You barely miss the orc.
The orc is almost dead.
You hear some strange, mumbled words.
You are more confused.
The orc hits you with a club.
* * * LOW HITPOINT WARNING * * *
A puff of flame appears from out of thin air!
The puff of flame hits you!
You die...

#.# #.# ##.## #...#
############...#
#.(@...........#
#..#..8..#.....##♣♣♣
##(o##...##..#'##....
#{..#######.......PP.
o.o.......##..(##.......♣PP
...####...#..8..#.....#.♣♣P
.............#.##.###
.....#.#....###$##.# #
..)####.#...## #.##.#


You could see an orc.

Vanquished Creatures
  An adder (D:3)
  An ooze (D:3)
  A dart slug (D:1)
  A bat (D:2)
  A goblin (D:3)
  A hobgoblin (D:2)
  A frilled lizard (D:2)
7 creatures vanquished.

Notes
Turn   | Place    | Note
-------+----------+-------------------------------------------
     0 | D:1      | tidbits the Gnoll Skald began the quest for the Orb.
     0 | D:1      | Reached XP level 1. HP: 20/20 MP: 6/6
    93 | D:3      | Reached XP level 2. HP: 26/26 MP: 3/7
   115 | D:3      | Found a burning altar of Makhleb.
   203 | D:3      | Killed from afar by an orc wizard

Action                   || total
-------------------------++-------
Melee: Hand axe          ||    24
       Bite              ||     3
 Cast: Infusion          ||     5
  Use: Potion            ||     1
 Stab: Sleeping          ||     1
Armor: Leather armour    ||     1
Dodge: Dodged            ||    18

Table legend:
 A = Turns spent in this place as a percentage of turns spent in the entire game.
 B = Non-inter-level travel turns spent in this place as a percentage of non-inter-level travel turns spent in the entire game.
 C = Inter-level travel turns spent in this place as a percentage of turns spent in this place.
 D = Turns resting spent in this place as a percentage of non-inter-level travel turns spent in this place.
 E = Turns spent auto-exploring this place as a percentage of non-inter-level travel turns spent in this place.
 F = Non-inter-level travel turns spent in this place divided by the number of levels of this place that you've seen.
                   A       B       C       D       E      F
               +-------+-------+-------+-------+-------+----------------------
         Total | 100.0 | 100.0 |   0.0 |   0.0 |   0.0 |  67.7
       Dungeon | 100.0 | 100.0 |   0.0 |   0.0 |   0.0 |  67.7
               +-------+-------+-------+-------+-------+----------------------

Table legend:
 A = Kills in this place as a percentage of kills in entire the game.
 B = Kills by you in this place as a percentage of kills by you in the entire game.
 C = Kills by friends in this place as a percentage of kills by friends in the entire game.
 D = Other kills in this place as a percentage of other kills in the entire game.
 E = Experience gained in this place as a percentage of experience gained in the entire game.
 F = Experience gained in this place divided by the number of levels of this place that you have seen.
                   A       B       C       D       E      F
               +-------+-------+-------+-------+-------+----------------------
         Total | 100.0 | 100.0 |   N/A |   N/A | 100.0 |  10.3
       Dungeon | 100.0 | 100.0 |   N/A |   N/A | 100.0 |  10.3
               +-------+-------+-------+-------+-------+----------------------

Vault maps used:
D:1:      dpeg_arrival_rooms_b, serial_glass, glass_columns_b, glass_columns_a,
          glass_columns_a, glass_columns_a, glass_columns_a, glass_columns_b,
          glass_columns_b, glass_columns_a, glass_columns_b, glass_columns_c
D:2:      minmay_roachtagon, uniq_crazy_yiuf_cottage
D:3:      overflow_temple_1_default, serial_forest,
          infiniplex_forest_end_double, infiniplex_forest_corner_1,
          infiniplex_forest_corner_1, infiniplex_forest_straight_2,
          mrwooster_statue_mirror
